AoeStats
← Elgato8153

Arena

510615339Analyzed
3v3 RM · 1d ago on Oct 1, 2026· 95m 13s· 6 players
Game mode
Random Map
Map size
Normal (6 player)
Population
200
Speed
Normal
Resources
Standard
Victory
Conquest
Starting age
Dark Age
Ending age
Imperial Age
RankedLock teamsTeams togetherTeam positionsShared explorationLock speedFull tech treeHidden civsTurbo modeCheats
Victory
Defeat
🇪🇸 Lithuanians · Spain
1023
+15
🇦🇷 Magyars · Argentina
1013
+15
🇦🇷 Varangians · Argentina
982
+16
🇧🇷 Khmer · Brazil
1037
-17
🇬🇧 Britons · United Kingdom
1033
-17
🇵🇪 Varangians · Peru
907
-12
ManuJejox
9:03 Feudal Age
9:31 Double-Bit Axe
11:29 Stone Mining
19:17 Castle Age
17:27 Horse Collar
19:57 Bloodlines
21:21 Scale Barding Armor
21:22 Husbandry
22:16 Wheelbarrow
22:05 Bow Saw
23:43 Corvinian Army
24:31 Gold Mining
28:27 Hand Cart
28:58 Heavy Plow
30:09 Chain Barding Armor
36:41 Imperial Age
37:32 Caravan
40:23 Scale Mail Armor
41:00 Plate Barding Armor
41:28 Two-Man Saw
41:03 Crop Rotation
40:00 Man-at-Arms
40:28 Arson
41:36 Chain Mail Armor
41:58 Plate Barding Armor
40:46 Long Swordsman
41:38 Two-Handed Swordsman
42:58 Champion
46:04 Fletching
47:18 Champion
56:51 Cavalier
60:36 Conscription
63:36 Treadmill Crane
63:21 Onager
65:33 Murder Holes
66:42 Chemistry
66:24 Elite Magyar Huszar
72:56 Heavy Scorpion
81:49 Siege Engineers
84:19 Ballistics
84:43 Cavalier
84:45 Light Cavalry
92:58 Bodkin Arrow
93:03 Padded Archer Armor
bananon1501915
5:31 Loom
9:35 Feudal Age
16:07 Wheelbarrow
17:36 Castle Age
16:16 Wheelbarrow
16:06 Horse Collar
16:12 Double-Bit Axe
16:20 Gold Mining
21:51 Bow Saw
21:44 Stone Mining
25:14 Heavy Plow
27:54 Stone Shaft Mining
27:28 Scale Mail Armor
31:54 Imperial Age
30:07 Forging
30:14 Chain Mail Armor
30:04 Scale Barding Armor
32:27 Iron Casting
31:43 Gambesons
31:59 Squires
32:24 Caravan
33:12 Plate Mail Armor
32:10 Elite Varangian Guard
34:07 Wheelbarrow
33:17 Town Watch
33:57 Chain Barding Armor
33:28 Fletching
34:03 Conscription
35:35 Blast Furnace
34:36 Padded Archer Armor
34:49 Guilds
34:25 Treadmill Crane
34:51 Gothikon
35:44 Elite Jarl
37:25 Hand Cart
37:10 Town Patrol
37:09 Bodkin Arrow
37:49 Plate Barding Armor
37:33 Leather Archer Armor
38:09 Ballistics
39:23 Chemistry
38:30 Siege Engineers
61:31 Arson
80:27 Bloodlines
80:19 Husbandry
90:42 Vendel Legacy
Elgato8153
7:08 Loom
10:02 Feudal Age
16:19 Castle Age
14:31 Double-Bit Axe
14:32 Horse Collar
19:41 Gold Mining
19:56 Heavy Plow
20:17 Loom
24:04 Wheelbarrow
25:26 Bow Saw
30:20 Imperial Age
28:12 Hand Cart
27:59 Padded Archer Armor
28:06 Scale Mail Armor
28:52 Coinage
29:29 Leather Archer Armor
29:21 Fletching
30:29 Ballistics
30:12 Stone Mining
30:45 Squires
30:30 Arson
30:07 Pikeman
31:41 Chain Mail Armor
31:23 Bodkin Arrow
31:34 Scale Barding Armor
32:00 Ring Archer Armor
32:09 Forging
33:09 Chemistry
31:49 Elite Skirmisher
32:37 Town Watch
33:43 Banking
33:24 Guilds
33:14 Caravan
34:17 Town Patrol
35:03 Stone Shaft Mining
34:33 Bracer
35:09 Iron Casting
35:32 Conscription
36:14 Chain Barding Armor
35:39 Treadmill Crane
36:38 Crop Rotation
37:05 Tower Shields
37:45 Hoardings
39:02 Two-Man Saw
40:51 Man-at-Arms
42:09 Plate Barding Armor
41:29 Long Swordsman
43:32 Two-Handed Swordsman
44:12 Champion
47:04 Halberdier
50:08 Husbandry
49:30 Light Cavalry
51:53 Fervor
52:33 Bloodlines
51:45 Winged Hussar
68:09 Thumb Ring
73:10 Masonry
81:23 Onager
83:22 Redemption
Caio Pai
3:24 Loom
14:59 Feudal Age
18:11 Castle Age
16:02 Horse Collar
16:34 Double-Bit Axe
18:13 Wheelbarrow
19:03 Bow Saw
18:26 Pikeman
21:07 Gold Mining
22:19 Stone Mining
25:59 Gold Shaft Mining
27:31 Hand Cart
27:02 Town Watch
29:57 Tusk Swords
35:26 Heavy Plow
38:03 Imperial Age
38:21 Scale Barding Armor
38:16 Scale Mail Armor
38:07 Fletching
38:28 Forging
40:16 Ballistics
40:07 Masonry
39:53 Murder Holes
40:42 Caravan
41:29 Conscription
42:24 Chemistry
41:47 Chain Barding Armor
41:43 Chain Mail Armor
41:28 Padded Archer Armor
41:23 Bodkin Arrow
42:04 Iron Casting
43:18 Double Crossbow
42:56 Elite Battle Elephant
44:06 Halberdier
46:48 Plate Barding Armor
46:29 Leather Archer Armor
46:15 Bracer
47:16 Blast Furnace
46:02 Light Cavalry
46:53 Bloodlines
46:43 Husbandry
48:48 Crop Rotation
48:39 Hussar
52:11 Elite Ballista Elephant
54:07 Heavy Scorpion
58:40 Ring Archer Armor
58:42 Architecture
58:17 Siege Engineers
64:39 Man-at-Arms
70:31 Capped Ram
71:36 Siege Ram
78:23 Onager
80:36 Long Swordsman
92:31 Siege Engineers
Shakespeare
9:12 Feudal Age
10:28 Wheelbarrow
9:40 Double-Bit Axe
9:36 Horse Collar
15:46 Loom
18:25 Castle Age
19:30 Hand Cart
19:31 Bow Saw
19:21 Heavy Plow
19:54 Bow Saw
29:01 Imperial Age
25:58 Pikeman
26:39 Squires
28:34 Scale Mail Armor
28:44 Forging
28:25 Fletching
29:32 Yeomen
31:03 Two-Man Saw
32:48 Warwolf
33:56 Chain Mail Armor
34:17 Iron Casting
35:17 Plate Mail Armor
35:38 Halberdier
36:29 Scale Barding Armor
37:26 Blast Furnace
37:24 Bodkin Arrow
37:54 Conscription
37:04 Light Cavalry
37:45 Husbandry
40:30 Elite Longbowman
42:59 Crossbowman
44:43 Elite Skirmisher
52:43 Arbalester
57:23 Ballistics
56:59 Murder Holes
57:09 Bracer
57:09 Padded Archer Armor
60:28 Leather Archer Armor
63:55 Heavy Scorpion
68:18 Onager
90:46 Capped Ram
jhadir
12:17 Feudal Age
19:19 Castle Age
17:24 Double-Bit Axe
17:26 Horse Collar
21:23 Bow Saw
24:30 Heavy Plow
26:11 Gold Mining
26:28 Stone Mining
28:15 Stone Shaft Mining
29:20 Wheelbarrow
33:07 Imperial Age
31:13 Hand Cart
33:22 Forging
33:13 Scale Mail Armor
33:46 Squires
33:31 Gambesons
33:32 Arson
34:42 Iron Casting
33:32 Capped Ram
33:35 Elite Varangian Guard
36:02 Siege Ram
37:19 Chain Mail Armor
37:55 Masonry
38:34 Plate Mail Armor
39:05 Blast Furnace
44:33 Gothikon
47:42 Fletching
50:11 Conscription
50:23 Ballistics
51:03 Chemistry
50:02 Bodkin Arrow
50:42 Architecture
50:18 Siege Engineers
51:38 Two-Man Saw
51:10 Crop Rotation
50:44 Caravan
55:56 Elite Jarl
56:47 Scale Barding Armor
56:45 Bracer
63:43 Husbandry
63:54 Bloodlines
68:24 Murder Holes
89:19 Cavalier
90:29 Vendel Legacy
Connection lost

Rejoining the realm…

Still unreachable

The connection could not be restored.

Session expired

The server has moved on; the page needs a fresh start.